 Dungeon Crawl Stone Soup version 0.27-a0-695-gb4952372f7 (webtiles) character file.

Game seed: 16605552669373191163

52061 Johnny the Nimble (level 14, -9/146 HPs)
             Began as a Troll Berserker on Mar 22, 2021.
             Was an Elder of Trog.
             Mangled by an orc warrior
             ... wielding a +0 hand axe
              (29 damage)
             ... on level 2 of the Orcish Mines.
             The game lasted 00:23:59 (12124 turns).

Johnny the Nimble (Troll Berserker)                Turns: 12124, Time: 00:23:59

Health: -9/146     AC: 11    Str: 32    XL:     14   Next: 25%
Magic:  13/13      EV: 15    Int:  3    God:    Trog [****..]
Gold:   871        SH:  0    Dex: 12    Spells: 13/13 levels left

rFire    x . .     SeeInvis .   J - +11 triple sword of Untimely Demise {vorpal, Will+ Dex+3}
rCold    + . .     Faith    .   (shield currently unavailable)
rNeg     . . .     Spirit   .   F - +2 troll leather armour {Snorg}
rPois    .         Reflect  .   (helmet restricted)
rElec    .         Harm     .   k - +2 cloak {Will+}
rCorr    .         Rampage  .   (gloves unavailable)
Will     +++++                  (boots unavailable)
Stlth    +.........             h - amulet of regeneration
HPRegen  4.34/turn              v - ring of ice
MPRegen  0.13/turn              (no ring)

@: regenerating, studying Ice Magic, invisible
A: large, unfitting armour, claws 3, regeneration 1, shaggy fur 1, tough skin 1
a: Renounce Religion, Berserk, Trog's Hand, Brothers in Arms


You were on level 2 of the Orcish Mines.
You worshipped Trog.
Trog was greatly pleased with you.
You visited 2 branches of the dungeon, and saw 16 of its levels.
You visited the Abyss 1 time.
You also visited: Ice Cave.

You collected 2030 gold pieces.
You spent 1159 gold pieces at shops.

Inventory:

Hand Weapons
 C - a +3 scimitar of flaming
 J - the +11 triple sword of Untimely Demise (weapon) {vorpal, Will+ Dex+3}
   (Trog gifted it to you on level 8 of the Dungeon)

   It inflicts extra damage upon your enemies.
   It affects your dexterity (+3).
   It affects your willpower, your defense against some magical effects.
 O - a +2 triple sword of flaming
 Q - a +1 great sword of holy wrath
Armour
 k - a +2 cloak of willpower (worn)
 D - a +2 robe of resistance
 F - a +2 troll leather armour (worn) {Snorg}
Jewellery
 g - a ring of wizardry
 h - an amulet of regeneration (around neck)
 v - a ring of ice (right claw)
Wands
 c - a wand of polymorph (9)
 p - a wand of charming (2)
 E - a wand of paralysis (5)
 H - a wand of iceblast (4)
 I - a wand of digging (8)
 P - a wand of mindburst (18)
Scrolls
 i - 3 scrolls of holy word
 l - a scroll of fog
 m - 3 scrolls of teleportation
 n - 2 scrolls of vulnerability
 q - a scroll of noise
 t - 4 scrolls of amnesia
 u - 2 scrolls of fear {unknown}
 x - 4 scrolls of enchant weapon
 A - 2 scrolls of magic mapping {unknown}
 G - 6 scrolls of blinking
 L - 2 scrolls of summoning {unknown}
 M - 2 scrolls of torment {unknown}
 R - 2 scrolls of silence {unknown}
Potions
 a - 2 potions of haste
 b - 2 potions of brilliance
 d - 3 potions of heal wounds
 e - 3 potions of lignification {unknown}
 f - 10 potions of curing
 j - 5 potions of flight
 o - a potion of degeneration {unknown}
 s - 5 potions of mutation
 w - a potion of ambrosia
 z - a potion of magic {unknown}
 B - 5 potions of attraction
 K - 2 potions of might
 T - a potion of invisibility
Miscellaneous
 y - a lightning rod (4/4)
 N - a box of beasts
 S - a condenser vane (inert)


   Skills:
 + Level 11.1 Fighting
 + Level 14.0 Long Blades
 * Level 14.0 Dodging


You had 13 spell levels left.
You didn't know any spells.
Your spell library contained the following spells:

 Spells                   Type           Power      Damage    Failure   Level
 Apportation              Tloc           0%         N/A       56%         1
 Corona                   Hex            0%         N/A       56%         1
 Ensorcelled Hibernation  Hex/Ice        0%         N/A       71%         2
 Confusing Touch          Hex            0%         N/A       90%         3
 Dazzling Flash           Conj/Hex       0%         N/A       90%         3
 Gell's Gravitas          Tloc           0%         N/A       90%         3
 Lesser Beckoning         Tloc           0%         N/A       90%         3
 Tukima's Dance           Hex            0%         N/A       90%         3
 Cause Fear               Hex            0%         N/A       100%        4
 Petrify                  Tmut/Erth      0%         N/A       100%        4
 Alistair's Intoxication  Tmut/Pois      0%         N/A       100%        5
 Metabolic Englaciation   Hex/Ice        0%         N/A       100%        5
 Silence                  Hex/Air        0%         N/A       100%        5
 Yara's Violent Unravell  Hex/Tmut       0%         3d3       100%        5
 Invisibility             Hex            0%         N/A       100%        6
 Discord                  Hex            0%         N/A       100%        8


Dungeon Overview and Level Annotations

Branches:
Dungeon (14/15)            Temple (0/1) D:6            Lair (0/6) D:11
    Orc (2/2) D:9          Vaults (0/5) D:13          IceCv (visited)
    Elf: Orc:2

Altars:
Cheibriados
Elyvilon
Hepliaklqana
Makhleb
Sif Muna
Trog
Wu Jian
Xom
Zin
The Shining One
Beogh

Shops:
D:9 ([   D:14 *=!(:   Orc:1 (

Annotations:
D:3 2 transporters, Tegun's ghost, amateur DsWn
D:4 3 runed translucent doors, loom's ghost, amateur OgBe


Innate Abilities, Weirdness & Mutations

You are too large for most types of armour.
You have claws for hands.
Your natural rate of healing is unusually fast.
You are covered in fur. (AC +1)
You have tough skin. (AC +1)


Message History

The orc warrior hits you from afar with a +0 halberd!!
You slice the orc warrior!!
You kill the orc warrior!
Trog accepts your kill.
The orc warlord hits you with a +0 battleaxe!!
The orc warrior hits you from afar with a +0 halberd!!
An orc priest comes into view.
It is wielding a +2 short sword of venom.
The orc priest calls down the wrath of Beogh upon you.
Beogh smites you!
You are too injured to fight recklessly!
You are too injured to fight recklessly!
Unknown command.
The orc warlord roars a battlecry!
Items here: ( )))))) [[[ †††.
Okay, then.
The orc wizard gestures at itself while chanting.
The orc wizard flickers and vanishes!
Deactivating autopickup; reactivate with Ctrl-A.
Things that are here:
a +0 short sword; a +0 chain mail; an orc corpse The orc priest invokes the aid of Beogh against you.
Beogh smites you!
Your skin crawls.
You feel strong-willed. Trog will no longer gift you weapons.
The orc warrior hits you with a +0 hand axe!!
* * * LOW HITPOINT WARNING * * *
The orc warrior closely misses you.
The orc high priest calls down the wrath of Beogh upon you.
Beogh smites you!
* * * LOW HITPOINT WARNING * * *
The orc warrior no longer looks unusually strong.
The orc high priest invokes the aid of Beogh against you.
Beogh smites you!
* * * LOW HITPOINT WARNING * * *
The orc warlord roars a battlecry!
The orc warrior goes into a battle-frenzy!
You fade into invisibility!
The orc warrior hits you with a +0 hand axe!!
You die...

......))).)..........#
......)o.)))........##
........)))....#.....#
.........)o....##.#.##
..........o.....#####
................#
.............oo.#
..............o##
.............@.#
...#..##..#..## #####
#######


You could see an orc warlord, an orc high priest (strong), 2 orc warriors and 2
orc priests.

Vanquished Creatures
  Louise (D:14)
  The ghost of glosham the Unseen, a journeyman KoAK of Lugonu (D:12)
  A green death (Abyss:1)
  An ettin (Orc:1)
  Snorg (D:12)
  A hydra (D:11)
  2 centaur warriors
  Erica (D:8)
  5 two-headed ogres
  2 thrashing horrors (Abyss:1)
  A death knight (D:14)
  3 orc high priests
  Urug (D:13)
  2 skeletal warriors (D:14)
  A glowing orange brain (Abyss:1)
  A spatial maelstrom (Abyss:1)
  An unseen horror (D:14)
  2 wretched stars
  A wizard (D:11)
  A deep elf zephyrmancer (D:8)
  2 orc knights
  3 orc sorcerers
  4 cyclopes
  6 ugly things
  A manticore (D:14)
  Maurice (D:8)
  3 ice statues (IceCv)
  Joseph (D:8)
  2 gargoyles
  An orange demon (Abyss:1)
  A kobold demonologist (D:12)
  2 rime drakes (Orc:2)
  A freezing wraith (D:14)
  3 trolls
  A hornet (D:14)
  6 slime creatures
  A raiju (Abyss:1)
  Prince Ribbit (D:8)
  A snapping turtle (shapeshifter) (D:13)
  A shadow (D:14)
  Sigmund (D:3)
  2 wraiths (D:14)
  3 wyverns
  2 yaks (shapeshifter) (D:13)
  9 yaks
  3 basilisks
  A chaos spawn (Abyss:1)
  A neqoxec (Abyss:1)
  3 vampire mosquitoes (D:13)
  2 large abominations (Abyss:1)
  3 wargs (Orc:1)
  Menkaure (D:7)
  3 water moccasins (D:11)
  3 sky beasts
  8 ice beasts
  26 orc warriors
  4 black bears (D:11)
  A necrophage (D:11)
  8 ogres
  17 centaurs
  6 phantoms
  6 kobold brigands
  8 bullfrogs
  A water moccasin zombie (D:8)
  A wyvern skeleton (D:11)
  7 scorpions
  A water moccasin skeleton (D:6)
  10 killer bees
  15 wights
  A howler monkey (D:4)
  5 crimson imps (D:9)
  2 centaur zombies
  2 quasits
  An iron imp (Abyss:1)
  16 orc priests
  2 bullfrog zombies
  5 jellies
  3 bullfrog skeletons
  3 centaur skeletons
  5 hounds
  Crazy Yiuf (D:2)
  Ijyb (D:3)
  10 worker ants
  2 iguanas
  21 orc wizards
  A killer bee zombie (D:8)
  4 hound skeletons
  Robin (D:3)
  7 gnolls
  11 adders
  3 shadow imps
  5 white imps
  2 ufetubi
  An ooze (D:1)
  An adder zombie (D:9)
  3 adder skeletons
  4 worms
  A dart slug (D:1)
  4 leopard geckos
  71 orcs
  2 giant cockroaches
  26 goblins
  9 hobgoblins
  13 jackals
  5 quokkas
  10 bats
  4 frilled lizards
  2 jackal zombies
  9 kobolds
  2 leopard gecko skeletons
  A quokka zombie (D:7)
  8 rats
518 creatures vanquished.

Vanquished Creatures (collateral kills)
  A bone dragon (Abyss:1)
  A hydra (D:13)
  A wretched star (Abyss:1)
  An orc knight (Orc:2)
  An orc sorcerer (Orc:2)
  3 ugly things (D:14)
  A manticore (D:13)
  A centaur skeleton (D:14)
  2 kobold demonologists (D:12)
  A raiju (Abyss:1)
  A large abomination (Abyss:1)
  6 orc warriors
  4 kobold brigands (D:12)
  A bullfrog (D:14)
  3 orc priests (Orc:2)
  6 orc wizards (Orc:2)
  6 orcs
40 creatures vanquished.

Vanquished Creatures (others)
  An orc warrior (Orc:2)
  An ufetubus (Abyss:1)
  3 plants (D:11)
5 creatures vanquished.

Grand Total: 563 creatures vanquished

Notes
Turn   | Place    | Note
-------+----------+-------------------------------------------
     0 | D:1      | Johnny the Troll Berserker began the quest for the Orb.
     0 | D:1      | Reached XP level 1. HP: 22/22 MP: 0/0
   133 | D:1      | Reached XP level 2. HP: 28/29 MP: 1/1
   438 | D:1      | Reached XP level 3. HP: 36/36 MP: 2/2
   612 | D:2      | Reached ** piety under Trog
  1128 | D:2      | Found a runed translucent door.
  1129 | D:2      | Noticed Crazy Yiuf
  1224 | D:2      | Killed Crazy Yiuf
  1270 | D:3      | Reached XP level 4. HP: 22/45 MP: 3/3
  1309 | D:3      | Found a bloodstained altar of Trog.
  1310 | D:3      | Found a glowing silver altar of Zin.
  1313 | D:3      | Noticed Sigmund
  1314 | D:3      | Found a glowing golden altar of the Shining One.
  1314 | D:3      | Found an ornate altar of the Wu Jian Council.
  1323 | D:3      | Killed Sigmund
  1324 | D:3      | Reached XP level 5. HP: 53/53 MP: 4/4
  1384 | D:3      | Found a transporter.
  1388 | D:3      | Noticed Ijyb
  1389 | D:3      | Noticed Tegun's ghost (amateur DsWn)
  1403 | D:3      | Killed Ijyb
  1425 | D:3      | Noticed Robin
  1450 | D:3      | Reached XP level 6. HP: 62/62 MP: 5/5
  1467 | D:3      | Killed Robin
  1536 | D:3      | Reached skill level 5 in Long Blades
  1655 | D:3      | Reached *** piety under Trog
  1674 | D:3      | Found a snail-covered altar of Cheibriados.
  1754 | D:3      | Found a transporter.
  2003 | D:4      | Reached XP level 7. HP: 58/70 MP: 6/6
  2305 | D:4      | Noticed loom's ghost (amateur OgBe)
  2308 | D:4      | Found a runed translucent gate.
  2309 | D:4      | Found a runed translucent gate.
  2310 | D:4      | Found a runed translucent gate.
  2415 | D:5      | Entered Level 5 of the Dungeon
  2709 | D:5      | Found a white marble altar of Elyvilon.
  2837 | D:5      | Reached **** piety under Trog
  2991 | D:6      | Reached XP level 8. HP: 79/79 MP: 7/7
  3099 | D:6      | Reached skill level 5 in Fighting
  3316 | D:6      | Found a staircase to the Ecumenical Temple.
  3412 | D:6      | Found a shimmering blue altar of Sif Muna.
  3989 | D:7      | Noticed Menkaure
  3994 | D:7      | Killed Menkaure
  3995 | D:7      | Reached XP level 9. HP: 68/89 MP: 8/8
  4156 | D:7      | Reached skill level 5 in Dodging
  4872 | D:8      | Noticed a two-headed ogre
  4873 | D:8      | Noticed Maurice
  4874 | D:8      | Noticed Erica
  4999 | D:8      | Noticed Joseph
  5008 | D:8      | Killed Joseph
  5127 | D:8      | Killed Erica
  5128 | D:8      | Reached XP level 10. HP: 100/100 MP: 9/9
  5131 | D:8      | Killed a two-headed ogre
  5131 | D:8      | Reached ***** piety under Trog
  5199 | D:8      | Identified the +4 falchion "Boiggi" {vorpal, Dex+3}
  5335 | D:8      | Killed Maurice
  5365 | D:8      | Noticed a deep elf zephyrmancer
  5379 | D:8      | Killed a deep elf zephyrmancer
  5380 | D:8      | Reached skill level 10 in Long Blades
  5442 | D:8      | Noticed Prince Ribbit
  5453 | D:8      | Killed Prince Ribbit
  5459 | D:8      | Identified the +11 triple sword of Untimely Demise {vorpal,
                  | Will+ Dex+3} (Trog gifted it to you on level 8 of the
                  | Dungeon)
  5459 | D:8      | Received a gift from Trog
  5766 | D:8      | Found a hazy altar of Hepliaklqana.
  5829 | D:9      | Found Ketikar's Weapon Shop.
  5829 | D:9      | Found a staircase to the Orcish Mines.
  5829 | D:9      | Found Tytul's Armour Shop.
  5936 | D:9      | Noticed a two-headed ogre
  5945 | D:9      | Killed a two-headed ogre
  6114 | D:9      | Reached XP level 11. HP: 110/110 MP: 10/10
  6423 | D:9      | Found a burning altar of Makhleb.
  6605 | D:10     | Entered Level 10 of the Dungeon
  7270 | D:10     | Found a shimmering altar of Xom.
  7722 | D:11     | Found a staircase to the Lair.
  7731 | D:11     | Noticed a wizard
  7737 | D:11     | Killed a wizard
  7790 | D:11     | Noticed an eight-headed hydra
  7796 | D:11     | Killed a five-headed hydra
  7844 | D:11     | Noticed a cyan ugly thing
  7872 | D:11     | Killed a cyan ugly thing
  8215 | D:12     | Found a runed translucent gate.
  8216 | D:12     | Found a runed translucent gate.
  8220 | D:12     | Found a runed translucent gate.
  8222 | D:12     | Noticed glosham's ghost (journeyman KoAK)
  8250 | D:12     | Noticed a sun demon
  8252 | D:12     | Killed glosham's ghost
  8255 | D:12     | Cast into level 1 of the Abyss (kobold brigand)
  8340 | Abyss:1  | Noticed a thrashing horror
  8348 | Abyss:1  | Killed a thrashing horror
  8386 | Abyss:1  | Noticed a large abomination
  8390 | Abyss:1  | Killed a large abomination
  8391 | Abyss:1  | Reached XP level 12. HP: 94/122 MP: 11/11
  8481 | Abyss:1  | Noticed a green death
  8492 | Abyss:1  | Killed a green death
  8519 | Abyss:1  | Noticed a bone dragon
  8526 | Abyss:1  | Killed a bone dragon
  8645 | Abyss:1  | Noticed a rakshasa
  8716 | D:12     | Escaped the Abyss
  8868 | D:12     | Noticed a two-headed ogre
  8873 | D:12     | Killed a two-headed ogre
  8891 | D:12     | Noticed Snorg
  8897 | D:12     | Killed Snorg
  9377 | D:13     | Reached skill level 10 in Dodging
  9442 | D:13     | Noticed a centaur warrior
  9447 | D:13     | Killed a centaur warrior
  9448 | D:13     | Reached XP level 13. HP: 133/133 MP: 12/12
  9494 | D:13     | Received a gift from Trog
  9495 | D:13     | Reached skill level 10 in Fighting
  9806 | D:13     | Found a gate to the Vaults.
  9809 | D:13     | Noticed Urug
  9821 | D:13     | Killed Urug
 10287 | D:14     | Found a shimmering altar of Xom.
 10293 | D:14     | Found a shimmering altar of Xom.
 10295 | D:14     | Found a shimmering altar of Xom.
 10296 | D:14     | Found a shimmering altar of Xom.
 10297 | D:14     | Found a shimmering altar of Xom.
 10297 | D:14     | Found a shimmering altar of Xom.
 10311 | D:14     | Noticed Louise
 10331 | D:14     | Found Upneofaewk's Distillery.
 10355 | D:14     | Bought a potion of curing for 51 gold pieces
 10355 | D:14     | Bought a potion of invisibility for 136 gold pieces
 10355 | D:14     | Bought a potion of heal wounds for 85 gold pieces
 10355 | D:14     | Bought a potion of curing for 51 gold pieces
 10355 | D:14     | Bought a potion of mutation for 136 gold pieces
 10355 | D:14     | Bought a potion of curing for 51 gold pieces
 10355 | D:14     | Bought a potion of curing for 51 gold pieces
 10355 | D:14     | Bought a potion of haste for 170 gold pieces
 10355 | D:14     | Bought a potion of might for 68 gold pieces
 10360 | D:14     | Found Ukebyu's Book Boutique.
 10360 | D:14     | Found Jeunlokh's Weapon Shop.
 10432 | D:14     | Found Botahipa's Assorted Antiques.
 10441 | D:14     | Found Hyerpheh's Jewellery Boutique.
 10512 | D:14     | Bought an ichor-stained hat for 360 gold pieces
 10512 | D:14     | Identified the +2 hat of Claustrophobia {Harm rC- Dex+2}
                  | (You bought it in a shop on level 14 of the Dungeon)
 10609 | D:14     | Killed Louise
 10638 | D:14     | Identified the +5 flail "Camnon" {venom, rC+ Dex+4 SInv}
 10883 | Orc:1    | Entered Level 1 of the Orcish Mines
 10897 | Orc:1    | Found Mozub's Weapon Emporium.
 10995 | Orc:1    | Noticed an ettin
 11007 | Orc:1    | Killed an ettin
 11403 | Orc:2    | Entered Level 2 of the Orcish Mines
 11487 | Orc:2    | Found a frozen archway.
 11494 | Orc:2    | Reached XP level 14. HP: 144/144 MP: 13/13
 11498 | IceCv    | Entered an ice cave
 11531 | IceCv    | Received a gift from Trog
 12108 | Orc:2    | Noticed an orc warlord
 12124 | Orc:2    | Mangled by an orc warrior

Illustrated notes

Levels and vault maps discovered:
D:1:      minmay_arrival_wavy_path, layout_basic
D:2:      layout_loops_ring, kennysheep_doodads, uniq_crazy_yiuf_cottage
D:3:      layout_rooms, nicolae_overflow_crystal_walls,
          grunt_temple_overflow_open, gammafunk_ghost_arena,
          minmay_ogre_servants, uniq_ijyb, uniq_robin, uniq_sigmund
D:4:      layout_rooms, biasface_ghost_orc_armoury
D:5:      layout_rooms, elyvilon_altar_4, minmay_misc_feat_more_columns
D:6:      layout_basic, kennysheep_mini, minmay_temple_entry_nine_rooms
D:7:      layout_basic, centaur_isle, uniq_menkaure
D:8:      layout_cave_pools, nicolae_hepliaklqana_hippocampus,
          guppyfry_early_elven_hall, uniq_erica, uniq_prince_ribbit1,
          uniq_maurice, uniq_joseph
D:9:      layout_irregular_city, bloody_makhleb, orc_david_3, minmay_nine_imps
D:10:     layout_stronghold, amcnicky_altar_gilded
D:11:     layout_roguey, minmay_lair_entry_grove, serial_bayou_pond_d,
          kennysheep_dice
D:12:     layout_roguey, gammafunk_ghost_nasty_kobolds, uniq_snorg
D:13:     layout_long_grid, david_vaults_2, drop_trap, uniq_urug
D:14:     layout_cave_pools, serial_shops, shop, nicolae_shop_statue_plus, shop,
          shop, xom_redecorated, kennysheep_windowed_goal, uniq_louise
Orc:1:    layout_diamond_mine, serial_shops, shop
Orc:2:    st_orc_congregation, layout_caves, ebering_ghost_xom,
          portal_ice_cave_rime

Skill      XL: |  1  2  3  4  5  6  7  8  9 10 11 12 13 14 |
---------------+-------------------------------------------+-----
Long Blades    | 3 4 5 6 7 9 10 12 13 14 | 14.0
Fighting       | 3 4 5 6 7 8 9 10 11 | 11.1
Dodging        | 3 4 5 7 8 10 13 14 | 14.0

Action                   |  1- 3 |  4- 6 |  7- 9 | 10-12 | 13-15 || total
-------------------------+-------+-------+-------+-------+-------++-------
Melee: Falchion          |    99 |   170 |   163 |       |       ||   432
       Scimitar          |       |       |   150 |    74 |       ||   224
       Triple sword      |       |       |       |   292 |   320 ||   612
Invok: Berserk           |     3 |     4 |     8 |    18 |    11 ||    44
       Trog's Hand       |       |     3 |     4 |     5 |    10 ||    22
       Brothers in Arms  |       |       |       |     3 |     9 ||    12
Evoke: Wand              |       |     4 |    18 |     7 |    16 ||    45
       Box of beasts     |       |       |       |       |     1 ||     1
       Lightning rod     |       |       |       |       |     1 ||     1
       Condenser vane    |       |       |       |       |     1 ||     1
  Use: Scroll            |       |       |     8 |     4 |    10 ||    22
       Potion            |       |       |       |       |     1 ||     1
 Stab: Petrified         |       |     5 |       |       |       ||     5
       Paralysed         |       |       |       |     6 |       ||     6
       Sleeping          |       |       |       |     1 |       ||     1
Armor: Animal skin       |    41 |     3 |       |       |       ||    44
       Robe              |       |    72 |    91 |    92 |       ||   255
       Troll leather arm |       |       |       |    11 |   116 ||   127
Dodge: Dodged            |    61 |   117 |   187 |   256 |   306 ||   927
       Rpst.: Falchion   |    19 |    33 |    25 |       |       ||    77
       Scimitar          |       |       |    30 |     7 |       ||    37
       Triple sword      |       |       |       |    61 |    72 ||   133

Table legend: (Time is in decaauts)
 A = Elapsed time spent in this place.
 B = Non-inter-level travel time spent in this place.
 C = Inter-level travel time spent in this place.
 D = Time resting spent in this place.
 E = Time spent auto-exploring this place.
 F = Levels seen in this place.
 G = Mean time per level.
                   A        B        C        D        E       F      G
               +--------+--------+--------+--------+--------+-----+--------+
         Total |  12682 |  12122 |    560 |    844 |   7792 |  18 |  704.6 |
       Dungeon |  10848 |  10320 |    528 |    623 |   7052 |  14 |  774.9 |
  Orcish Mines |   1098 |   1067 |     31 |     56 |    639 |   2 |  549.0 |
         Abyss |    509 |    509 |      0 |    121 |    100 |   1 |  509.0 |
      Ice Cave |    225 |    225 |      0 |     43 |      0 |   1 |  225.0 |
               +--------+--------+--------+--------+--------+-----+--------+

Top non-repeatable levels by time:
     D:7: 1368 daAuts
    D:10: 1077 daAuts
     D:8: 911 daAuts
     D:9: 847 daAuts
    D:14: 791 daAuts
    D:13: 778 daAuts
     D:3: 733 daAuts
    D:12: 714 daAuts
     D:6: 693 daAuts
     D:2: 664 daAuts
    D:11: 628 daAuts
     D:1: 624 daAuts
   Orc:1: 586 daAuts
     D:5: 527 daAuts
   Orc:2: 512 daAuts
